 Dungeon Sprint DCSS version 0.28-a0-863-g8cecda6153 (webtiles) character file.

Game seed: 11423297792997825038

6024 kae the Fighter (level 10, 0/116 HPs)
             Began as a Green Draconian Transmuter on Nov 18, 2021.
             Was a Priest of Ru.
             Slain by a demonic crawler (5 damage)
             ... in the Dungeon (Sprint I: "Red Sonja").
             The game lasted 00:06:21 (2281 turns).

kae the Fighter (Green Draconian Transmuter)        Turns: 2281, Time: 00:06:22

Health: 0/116      AC: 10    Str: 12    XL:     10   Next: 56%
Magic:  0/24       EV: 13    Int: 17    God:    Ru [***...]
Gold:   179        SH:  0    Dex: 12    Spells: 11/29 levels left

rFire   x . .      SeeInvis .     - Unarmed
rCold   + + +      Faith    .   (shield currently unavailable)
rNeg    . . .      Spirit   +   (armour unavailable)
rPois   +          Reflect  .   (helmet currently unavailable)
rElec   .          Harm     .   (cloak currently unavailable)
rCorr   .          Rampage  .   (gloves currently unavailable)
Will    .....      NoTele   +   (boots currently unavailable)
Stlth   +.........              h - amulet of guardian spirit
HPRegen 0.29/turn               (no ring)
MPRegen 0.19/turn               (no ring)

@: mighty, ice-form
A: freezing attack, amphibious, boosted hp, (breathe noxious fumes), AC +7,
large, unfitting armour, (poison resistance), no potion heal 1, (cold-blooded),
inability to use devices
a: End Transformation, Renounce Religion, Draw Out Power


You were in the Dungeon.
You worshipped Ru.
Ru was most pleased with you.
You were a creature of crystalline ice.
You visited 1 branch You collected 1465 gold pieces.
You spent 1286 gold pieces at shops.

Inventory:

Jewellery
 h - an amulet of guardian spirit (around neck)
Wands
 g - a wand of acid (6)
Potions
 a - 3 potions of curing
 b - a potion of heal wounds
 c - a potion of lignification
 d - 2 potions of magic
 e - a potion of resistance
 j - a potion of degeneration
 k - a potion of mutation


   Skills:
 + Level 11.7 Fighting
 + Level 10.0 Dodging
 + Level 11.2 Unarmed Combat
 - Level 10.1 Spellcasting
 * Level 11.1 Transmutations
 - Level 9.6 Ice Magic
 - Level 1.2 Poison Magic


You had 11 spell levels left.
You knew the following spells:

 Your Spells              Type           Power      Damage    Failure   Level
a - Beastly Appendage     Tmut           92%        N/A       1%          1
b - Spider Form           Tmut/Pois      29%        N/A       1%          3
c - Ice Form              Ice/Tmut       43%        N/A       1%          4
d - Tukima's Dance        Hex            8%         N/A       26%         3
e - Dragon Form           Tmut           23%        N/A       58%         7

Your spell library contained the following spells:

 Spells                   Type           Power      Damage    Failure   Level
 Freeze                   Ice            100%       1d11      1%          1
 Ensorcelled Hibernation  Hex/Ice        50%        N/A       1%          2
 Wereblood                Tmut           46%        N/A       1%          2
 Frozen Ramparts          Ice            82%        1d10      1%          3
 Hailstorm                Conj/Ice       25%        3d7       12%         4
 Cause Fear               Hex            4%         N/A       63%         4
 Dragon's Call            Summ           4%         N/A       100%        9


Dungeon Overview and Level Annotations

Branches:
Dungeon (1/1)

Altars:
Cheibriados
Dithmenos
Elyvilon
Fedhas
Gozag
Hepliaklqana
Kikubaaqudgha
Makhleb
Nemelex Xobeh
Okawaru
Qazlal
Ru
Sif Muna
Trog
Uskayaw
Vehumet
Wu Jian
Xom
Yredelemnul
Zin
The Shining One
Jiyva
Lugonu

Shops:
D (?!(*:*=:*[:[(*[(

Annotations:
D exclusion: door


Innate Abilities, Weirdness & Mutations

You are a creature of crystalline ice.
You have a powerful freezing melee attack.
You are amphibious.
Your maximum health is increased.
Your armour is entirely melded.
You are incapable of wielding weapons or throwing items.
((You can breathe blasts of noxious fumes.))
((Your lurid green scales are hard. (AC +7)))
You cannot fit into any form of body armour.
((Your system is resistant to poisons. (rPois)))
Potions are less effective at restoring your health.
((You are cold-blooded and may be slowed by cold attacks.))
You cannot study or use magical devices.


Message History

The demonic crawler barely misses you.
The demonic crawler hits you but does no damage.
The demonic crawler barely misses you.
The demonic crawler hits you but does no damage.
You redirect the demonic crawler's attack!
The demonic crawler hits itself but does no damage. x2
The demonic crawler hits itself.
You hit the demonic crawler.
The demonic crawler is heavily wounded.
The demonic crawler misses you. x2; The demonic crawler hits you.
The demonic crawler barely misses you. The demonic crawler misses you.
The demonic crawler hits you but does no damage.
The demonic crawler closely misses you. The demonic crawler misses you.
The demonic crawler barely misses you.
You pummel the demonic crawler!! You freeze the demonic crawler.
The demonic crawler is almost dead.
The demonic crawler misses you.
The demonic crawler hits you but does no damage.
The demonic crawler hits you! The demonic crawler hits you.
* * * LOW HITPOINT WARNING * * *
The demonic crawler hits you!
* * * LOW HITPOINT WARNING * * *
You focus your inner power and blind the demonic crawler in retribution!
The demonic crawler misses you.
The demonic crawler hits you but does no damage.
The demonic crawler barely misses you.
The demonic crawler completely misses you.
The demonic crawler hits you.
* * * LOW HITPOINT WARNING * * *
The demonic crawler hits you.
* * * LOW HITPOINT WARNING * * *
The demonic crawler hits you.
* * * LOW HITPOINT WARNING * * *
The demonic crawler hits you.
* * * LOW HITPOINT WARNING * * *
The demonic crawler hits you but does no damage.
The demonic crawler closely misses you. The demonic crawler hits you.
* * * LOW HITPOINT WARNING * * *
The demonic crawler hits you.
You die...

##########################*******
#<.#..)..#..'..#_s#..))..#,,*,,,,
#..').#..').#..'Ys†..#...##+#,***
#..#####'#####'#_s####...'..#,*,*
#..####..#...#.####§§#####..+,*+*
#..#__####..##.#≈§≈..#§.#*+##**,,
#..#_____##'#_.'≈§§..§.§#,,,,,*,,
#⌠⌠#_.∩...'..._#§§§§§#§.#,,,,,+,,
####_..__##_.#'##§#####§###,,,*,,
*,,#_____###'#.#.).(###.'.#,,,***
############.####'###[###.#,,***,


You could see 3 demonic crawlers.

Vanquished Creatures
  2 centaur warriors (D)
  Sonja (D)
  A deep troll (D)
  An oklob plant (D)
  2 kobold demonologists (D)
  2 unseen horrors (D)
  A demonic crawler (D)
  A hornet (D)
  A slime creature (D)
  Sigmund (D)
  A yak (D)
  2 redbacks (D)
  2 floating eyes (D)
  7 necrophages (D)
  An ogre (D)
  8 jellies (D)
  Ijyb (D)
35 creatures vanquished.

Vanquished Creatures (others)
  A gargoyle (D)
  2 ballistomycete spores (D)
3 creatures vanquished.

Grand Total: 38 creatures vanquished

Notes
Turn   | Place    | Note
-------+----------+-------------------------------------------
     0 | D        | kae the Draconian Transmuter began the quest for the Orb.
     0 | D        | Reached XP level 1. HP: 16/16 MP: 3/3
     3 | D        | Noticed Ijyb
    13 | D        | Killed Ijyb
    14 | D        | Reached XP level 2. HP: 15/25 MP: 4/6
    17 | D        | Noticed an ogre
    20 | D        | Killed an ogre
    21 | D        | Reached skill level 5 in Unarmed Combat
    21 | D        | Reached XP level 3. HP: 31/34 MP: 4/8
    21 | D        | Reached XP level 4. HP: 38/41 MP: 5/10
    52 | D        | Learned a level 3 spell: Spider Form
    57 | D        | Learned a level 4 spell: Ice Form
    60 | D        | Noticed Sigmund
    68 | D        | Killed Sigmund
    69 | D        | Reached skill level 5 in Fighting
    69 | D        | Reached skill level 5 in Spellcasting
    69 | D        | Reached skill level 5 in Transmutations
    69 | D        | Reached skill level 1 in Poison Magic
    69 | D        | Reached XP level 5. HP: 30/48 MP: 9/13
   206 | D        | Found an ornate altar of the Wu Jian Council.
   206 | D        | Found a shimmering blue altar of Sif Muna.
   210 | D        | Found a radiant altar of Vehumet.
   216 | D        | Reached skill level 5 in Dodging
   216 | D        | Reached XP level 6. HP: 53/57 MP: 12/15
   253 | D        | Found Gonwilad's Magic Scroll Emporium.
   253 | D        | Found an ancient bone altar of Kikubaaqudgha.
   253 | D        | Found a hazy altar of Hepliaklqana.
   253 | D        | Found a stormy altar of Qazlal.
   253 | D        | Found a hide-covered altar of Uskayaw.
   253 | D        | Found a blossoming altar of Fedhas.
   253 | D        | Found a bloodstained altar of Trog.
   253 | D        | Found an iron altar of Okawaru.
   253 | D        | Found a basalt altar of Yredelemnul.
   253 | D        | Found a glowing golden altar of the Shining One.
   253 | D        | Found a snail-covered altar of Cheibriados.
   253 | D        | Found a sacrificial altar of Ru.
   253 | D        | Found a glowing silver altar of Zin.
   253 | D        | Found a shadowy altar of Dithmenos.
   253 | D        | Found a white marble altar of Elyvilon.
   253 | D        | Noticed a yak
   257 | D        | Killed a yak
   258 | D        | Found an opulent altar of Gozag.
   259 | D        | Found a sparkling altar of Nemelex Xobeh.
   268 | D        | Bought a scroll of identify for 26 gold pieces
   271 | D        | Became a worshipper of Ru the Awakened
   319 | D        | Noticed a centaur warrior
   324 | D        | Found a viscous altar of Jiyva.
   324 | D        | Found a corrupted altar of Lugonu.
   324 | D        | Noticed a slime creature
   325 | D        | Found a burning altar of Makhleb.
   325 | D        | Found a shimmering altar of Xom.
   333 | D        | Killed a slime creature
   334 | D        | Reached skill level 5 in Ice Magic
   334 | D        | Your scales start taking on a lurid green colour.
   334 | D        | Reached XP level 7. HP: 15/66 MP: 11/17
   334 | D        | Gained mutation: Your system is resistant to poisons.
                  | (rPois) [Green Draconian growth]
   614 | D        | Noticed Sonja
   620 | D        | Killed Sonja
   621 | D        | Reached XP level 8. HP: 67/74 MP: 13/19
   721 | D        | Noticed a centaur warrior
   740 | D        | Found Sule's Weapon Boutique.
   750 | D        | Noticed a shining eye
   750 | D        | Noticed a shining eye
   750 | D        | Noticed a shining eye
   750 | D        | Noticed a shining eye
   750 | D        | Noticed a shining eye
   750 | D        | Noticed a shining eye
   889 | D        | Noticed a deep troll
   898 | D        | Killed a deep troll
  1109 | D        | Found Raw Vid's Armour Emporium.
  1117 | D        | Learned a level 3 spell: Tukima's Dance
  1133 | D        | Killed a centaur warrior
  1134 | D        | Reached XP level 9. HP: 36/84 MP: 17/21
  1139 | D        | Killed a centaur warrior
  1140 | D        | Reached skill level 10 in Fighting
  1152 | D        | Gained mutation: You cannot study or use magical devices.
                  | [Ru sacrifice]
  1152 | D        | Reached * piety under Ru
  1152 | D        | Reached ** piety under Ru
  1553 | D        | Noticed an oklob plant
  1563 | D        | Killed an oklob plant
  1564 | D        | Reached skill level 10 in Unarmed Combat
  1706 | D        | Killed an unseen horror
  1707 | D        | Reached XP level 10. HP: 63/94 MP: 23/23
  1709 | D        | Reached skill level 10 in Transmutations
  1734 | D        | Killed a gargoyle
  1940 | D        | Gained mutation: Potions are less effective at restoring
                  | your health. [Ru sacrifice]
  1940 | D        | Reached *** piety under Ru
  1944 | D        | Reached skill level 10 in Spellcasting
  2022 | D        | Identified the +1 ring mail of Apreicic {+Inv Will++}
  2039 | D        | Found Odop's Weapon Shoppe.
  2039 | D        | Found Kyofen's Distillery.
  2039 | D        | Found Keyc's General Store.
  2041 | D        | Found Peame's Book Emporium.
  2041 | D        | Found Xorony's Assorted Antiques.
  2041 | D        | Found Sistroub's Jewellery Shoppe.
  2041 | D        | Found Ophoh's Book Boutique.
  2041 | D        | Found Safim's General Store.
  2041 | D        | Found Zeaseugg's Armour Shop.
  2041 | D        | Found Ynunu's Book Shoppe.
  2043 | D        | Bought a scroll of magic mapping for 49 gold pieces
  2043 | D        | Bought an amulet of guardian spirit for 420 gold pieces
  2044 | D        | Found Parhium's Antique Armour Boutique.
  2045 | D        | Bought a book of the Dragon for 598 gold pieces
  2053 | D        | Learned a level 7 spell: Dragon Form
  2053 | D        | Found Raasygu's Assorted Antiques.
  2053 | D        | Found Sesteuji's Antique Weapon Boutique.
  2054 | D        | Bought a bubbling orange potion for 18 gold pieces
  2054 | D        | Found Gelin's Weapon Emporium.
  2061 | D        | Bought a fizzy blue potion for 15 gold pieces
  2061 | D        | Bought a scroll of identify for 34 gold pieces
  2074 | D        | Bought a potion of degeneration for 14 gold pieces
  2074 | D        | Bought a potion of mutation for 112 gold pieces
  2135 | D        | Noticed a sun demon
  2136 | D        | Noticed a soul eater
  2276 | D        | Reached skill level 10 in Dodging
  2281 | D        | HP: 5/116 [demonic crawler (3)]
  2281 | D        | Slain by a demonic crawler

Illustrated notes

Levels and vault maps discovered:
D:        dungeon_sprint_1 [red_sonja_temple_1, red_sonja_temple_small_1]

Skill      XL: |  1  2  3  4  5  6  7  8  9 10 |
---------------+-------------------------------+-----
Fighting       | 2 4 5 7 8 9 10 11 | 11.7
Dodging        | 2 4 5 6 7 8 9 10 | 10.0
Spellcasting   | 3 4 5 6 7 8 9 10 | 10.1
Transmutations | 3 4 5 6 7 8 9 11 | 11.1
Unarmed Combat | 5 6 7 8 9 10 11 | 11.2
Ice Magic      | 2 3 5 6 7 9 |  9.6
Poison Magic   | 1 |  1.2

Action                   |  1- 3 |  4- 6 |  7- 9 | 10-12 || total
-------------------------+-------+-------+-------+-------++-------
Melee: Unarmed           |    11 |    17 |    45 |    47 ||   120
       Kick              |     3 |       |       |       ||     3
       Headbutt          |     3 |       |       |       ||     3
       Tailslap          |     2 |       |       |       ||     2
       Punch             |     1 |       |       |       ||     1
 Cast: Beastly Appendage |     1 |       |       |       ||     1
       Spider Form       |       |     2 |       |       ||     2
       Ice Form          |       |     2 |     7 |     5 ||    14
Invok: Sacrifice Artific |       |       |     1 |       ||     1
       Sacrifice Purity  |       |       |       |     1 ||     1
 Abil: Breathe Noxious F |       |       |     1 |       ||     1
  Use: Potion            |     1 |       |     1 |     1 ||     3
       Scroll            |       |     1 |     1 |     4 ||     6
 Stab: Confused          |       |       |     1 |       ||     1
Armor: Skin              |     2 |       |    23 |    15 ||    40
Dodge: Dodged            |     4 |    10 |    24 |    39 ||    77

Table legend: (Time is in decaauts)
 A = Elapsed time spent in this place.
 B = Non-inter-level travel time spent in this place.
 C = Inter-level travel time spent in this place.
 D = Time resting spent in this place.
 E = Time spent auto-exploring this place.
 F = Levels seen in this place.
 G = Mean time per level.
                   A        B        C        D        E       F      G
               +--------+--------+--------+--------+--------+-----+--------+
         Total |   2252 |   2229 |     23 |   1557 |     86 |   1 | 2252.0 |
       Dungeon |   2252 |   2229 |     23 |   1557 |     86 |   1 | 2252.0 |
               +--------+--------+--------+--------+--------+-----+--------+

Top non-repeatable levels by time:
       D: 2252 daAuts
